 Dungeon Crawl Stone Soup version 0.25.1-8-g42b30a86e7 (webtiles) character file.

Game seed: 6391574921103187497

67 hawla the Conjurer (level 4, -2/35 HPs)
             Began as a Draconian Conjurer on Dec 21, 2020.
             Killed from afar by an orc wizard (13 damage)
             ... with a puff of flame
             ... on level 2 of the Dungeon.
             The game lasted 00:04:20 (1750 turns).

hawla the Conjurer (Draconian Conjurer)             Turns: 1750, Time: 00:04:21

Health: -2/35      AC:  7    Str: 11    XL:     4   Next: 0%
Magic:  1/7        EV: 12    Int: 16    God:
Gold:   103        SH:  0    Dex: 11    Spells: 4/7 levels left

rFire    . . .     SeeInvis .   (no weapon)
rCold    . . .     Gourm    .   (no shield)
rNeg     . . .     Faith    .   (armour unavailable)
rPois    .         Spirit   .   (helmet restricted)
rElec    .         Reflect  .   g - +0 cloak (curse)
rCorr    .         Harm     .   i - +0 pair of gloves
MR       .....                  (no boots)
Stlth    +.........             (no amulet)
HPRegen  0.11/turn              (no ring)
MPRegen  0.10/turn              (no ring)

@: confused
A: unfitting armour, cold-blooded, AC +5
a: no special abilities


You were on level 2 of the Dungeon.
You were hungry.

You visited 1 branch of the dungeon, and saw 2 of its levels.

You collected 103 gold pieces.

Inventory:

Armour
 g - a cursed +0 cloak (worn)
 i - a +0 pair of gloves (worn)
Scrolls
 c - 5 scrolls of identify
 d - a scroll of fog
Comestibles
 b - 5 rations


   Skills:
 - Level 1.0 Fighting
 - Level 2.0 Dodging
 - Level 2.0 Stealth
 - Level 2.1 Spellcasting
 + Level 5.2 Conjurations


You had 4 spell levels left.
You knew the following spells:

 Your Spells              Type           Power        Failure   Level  Hunger
a - Magic Dart            Conj           ###.         2%          1    #......
b - Searing Ray           Conj           ###...       3%          2    ###....

Your spell library contained the following spells:

 Spells                   Type           Power        Failure   Level  Hunger
 Dazzling Flash           Conj/Hex       ##....       22%         3    ###....
 Fulminant Prism          Conj/Hex       ##........   56%         4    #####..
 Iskenderun's Mystic Bla  Conj/Tloc      ##......     56%         4    #####..


Dungeon Overview and Level Annotations

Branches:
Dungeon (2/15)

Altars:


Innate Abilities, Weirdness & Mutations

Your plain brown scales are hard. (AC +5)
You cannot fit into any form of body armour.
You are cold-blooded and may be slowed by cold attacks.


Message History

Casting: Magic Dart (safe; 2% risk of failure)
Confirm with . or Enter, or press ? or * to list all spells.
Aiming: Magic Dart (safe; 2% risk of failure)
Press: ? - help, Shift-Dir - straight line The magic dart hits something.
Something hits you but does no damage.
You barely miss something. You tail-slap something.
Something hits you but does no damage.
You hit something but do no damage.
Your tail-slap misses something.
You hear some strange, mumbled words.
A puff of flame appears from out of thin air!
The puff of flame hits you!
You hear some strange, mumbled words.
You are confused.
You're too confused to cast spells.
Unknown command.
You bump into the rock wall.
You hear some strange, mumbled words.
A puff of flame appears from out of thin air!
The puff of flame hits you!
You die...

.#. #########....
##..........).
##.....####....
#.......###....
#........... ..
#.......#### .
###########.....##
#......@.{)....##
#.#####.########
#.# #.# #.. #.#
#.# #.. #.# #.#
#.. #.# #.# #..
#.# #.# ##.. #.#
#.# #####.#
########.# #...#.#


There were no monsters in sight!

Vanquished Creatures
  An orc wizard (D:2)
  2 oozes (D:1)
  2 leopard geckos
  3 orcs (D:2)
  3 giant cockroaches
  2 goblins (D:1)
  3 hobgoblins (D:1)
  A quokka (D:2)
  3 bats
  A frilled lizard (D:2)
  4 kobolds
  6 rats
31 creatures vanquished.

Notes
Turn   | Place    | Note
-------+----------+-------------------------------------------
     0 | D:1      | hawla the Draconian Conjurer began the quest for the Orb.
     0 | D:1      | Reached XP level 1. HP: 14/14 MP: 3/3
   339 | D:1      | Reached XP level 2. HP: 22/22 MP: 1/5
   470 | D:1      | Learned a level 2 spell: Searing Ray
   664 | D:1      | Reached skill level 1 in Fighting
  1114 | D:2      | Reached XP level 3. HP: 28/28 MP: 1/6
  1731 | D:2      | Reached skill level 5 in Conjurations
  1732 | D:2      | Reached XP level 4. HP: 33/35 MP: 3/7
  1750 | D:2      | Killed from afar by an orc wizard

Illustrated notes

Levels and vault maps discovered:
D:1:      dpeg_arrival_triangle_fractal, layout_basic
D:2:      layout_loops_ring, marbit_many_paths

Skill      XL: |  1  2  3 |
---------------+----------+-----
Dodging        | 2 |  2.0
Stealth        | 2 |  2.0
Fighting       | 1 |  1.0
Conjurations   | 5 |  5.2
Spellcasting   | |  2.1

Action                   |  1- 3 |  4- 6 || total
-------------------------+-------+-------++-------
Melee: Unarmed           |    23 |    12 ||    35
       Tailslap          |     3 |     2 ||     5
 Cast: Magic Dart        |    53 |     2 ||    55
       Searing Ray       |     6 |       ||     6
  Use: Scroll            |     2 |       ||     2
       Potion            |     3 |       ||     3
  Eat: Chunk             |     3 |       ||     3
Armor: Skin              |    22 |     5 ||    27
Dodge: Dodged            |    55 |     1 ||    56
